 Dungeon Crawl Stone Soup version 0.31-a0-271-gb88eb75e06 (webtiles) character file.

Game seed: 9644042831389172226

921 garrulousMonolith the Insei (level 8, -3/54 HPs)
             Began as an Octopode Shapeshifter on July 14, 2023.
             Was a Follower of Wu Jian.
             Slain by an ice beast (12 damage)
             ... on level 5 of the Dungeon.
             The game lasted 00:05:16 (3848 turns).

garrulousMonolith the Insei (Octopode Shapeshifter) Turns: 3848, Time: 00:05:16

Health: -3/54      AC:  1    Str: 14    XL:     8   Next: 10%
Magic:  8/8        EV: 14    Int: 10    God:    Wu Jian [*.....]
Gold:   81         SH:  0    Dex: 15    Spells: 7/7 levels left

rFire   . .          .
                       - Unarmed
rCold   . . .        (no shield)
rNeg    . . .        (helmet currently unavailable)
rPois   .            (no amulet)
rElec   .            n - ring of resist corrosion
rCorr   +            u - ring of see invisible
SInv    +            (no ring)
Will    .....        (no ring)
Stlth   ++++         (no ring)
HPRegen 0.29/turn    (no ring)
MPRegen 0.11/turn    (no ring)
                     (no ring)

%: no passive effects
@: beast-form
A: beast (slay +3), almost no armour, amphibious, 8 rings, camouflage 1,
gelatinous body 1, (nimble swimmer 1), tentacles
a: Begin Untransformation, Renounce Religion


You were on level 5 of the Dungeon.
You worshipped Wu Jian.
Wu Jian was aware of your devotion.
You were a hulking beast.
You visited 2 branches of the dungeon, and saw 6 of its levels.
You also visited: Sewer.

You collected 153 gold pieces.
You spent 72 gold pieces at shops.

Inventory:

Hand Weapons
 l - a +1 sling of draining
Missiles
 r - 31 poisoned darts
Magical Staves
 t - a staff of poison
Jewellery
 n - a ring of resist corrosion (left tentacle)
 u - a ring of see invisible (right tentacle)
Talismans
 b - a beast talisman
Scrolls
 d - a scroll of immolation
 i - a scroll of fear {unknown}
 k - a scroll of torment {unknown}
 s - a scroll of enchant armour {unknown}
 v - a scroll of butterflies {unknown}
Potions
 a - 3 potions of lignification
 c - 2 potions of enlightenment
 e - a potion of resistance
 f - a potion of cancellation
 g - a potion of mutation
 h - 3 potions of curing
 m - a potion of haste
 o - a potion of brilliance {unknown}
 p - a potion of magic {unknown}
 q - a potion of heal wounds


   Skills:
 + Level 3.8 Fighting
 + Level 4.0 Dodging
 + Level 4.4 Stealth
 * Level 5.1 Unarmed Combat
 * Level 4.9 Shapeshifting


You had 7 spell levels left.
You didn't know any spells.
Your spell library contained the following spells:

 Spells                   Type           Power      Damage    Failure   Level
 Apportation              Tloc           0%         N/A       36%         1
 Kiss of Death            Conj/Necr      0%         2d5       36%         1
 Necrotise                Necr           0%         1d4       36%         1
 Summon Small Mammal      Summ           0%         N/A       36%         1
 Lesser Beckoning         Tloc           0%         N/A       50%         2
 Sublimation of Blood     Necr           0%         N/A       50%         2
 Wereblood                Tmut           0%         N/A       50%         2
 Call Canine Familiar     Summ           0%         N/A       75%         3
 Confusing Touch          Hex            0%         N/A       75%         3
 Gell's Gravitas          Tloc           0%         N/A       75%         3
 Portal Projectile        Hex/Tloc       0%         N/A       75%         3
 Teleport Other           Tloc           0%         N/A       75%         3
 Vhi's Electric Charge    Tloc/Air       0%         N/A       75%         3
 Dispel Undead            Necr           0%         3d6       98%         4
 Leda's Liquefaction      Hex/Erth       0%         N/A       98%         4
 Olgreb's Toxic Radiance  Pois           0%         N/A       98%         4
 Arcjolt                  Conj/Air       0%         1d10      100%        5
 Summon Hydra             Summ           0%         N/A       100%        7
 Discord                  Hex            0%         N/A       100%        8
 Ignition                 Fire           0%         3d3       100%        8
 Maxwell's Capacitive Co  Air            0%         ∞         100%        8


Dungeon Overview and Level Annotations

Branches:
Dungeon (5/15)             Temple (1/1) D:4           Sewer (visited)

Altars:
Cheibriados
Elyvilon
Fedhas
Gozag
Hepliaklqana
Kikubaaqudgha
Makhleb
Nemelex Xobeh
Okawaru
Qazlal
Sif Muna
Trog
Uskayaw
Vehumet
Wu Jian
Xom
Yredelemnul
The Shining One

Shops:
D:3 (


Innate Abilities, Weirdness & Mutations

You are a hulking beast.
Your limbs bulge with bestial killing power. (Slay +3)
You cannot wear most types of armour.
You are amphibious.
You can wear up to eight rings at the same time.
Your skin changes colour to match your surroundings (Stealth+).
Your rubbery body absorbs attacks. (AC +1, EV +1)
((You are camouflaged when in or above water. (Stealth+)))
You have tentacles for arms and can constrict up to eight enemies at once.


Message History

You squeeze the orc wizard, but do no damage.
The orc wizard is heavily wounded.
You constrict the orc wizard, but do no damage.
The orc wizard closely misses you. The orc barely misses you.
You tentacle-slap the orc wizard. You squeeze the orc wizard.
You kill the orc wizard!
The Council accepts your kill. The orc completely misses you.
Your Dodging skill increases to level 4!
You lunge at the orc, in a flurry of attacks.
You barely miss the orc. Your grab misses the orc. Your squeeze misses the orc.
You tentacle-slap the orc. You grab the orc.
The orc is heavily wounded.
You constrict the orc. The orc misses you.
You see here 13 gold pieces.
You bludgeon the orc!
You kill the orc!
The Council accepts your kill.
You lunge at the ice beast.
You closely miss the ice beast. You squeeze the ice beast!
The ice beast is moderately wounded.
The ice beast hits you. The ice beast freezes you.
You see here a +0 trident.
You barely miss the ice beast.
The ice beast is moderately wounded.
A scorpion comes into view.
The ice beast closely misses you.
You bludgeon the ice beast!
The ice beast is heavily wounded.
The ice beast hits you. The ice beast freezes you!
You barely miss the ice beast. You squeeze the ice beast.
The ice beast is severely wounded.
The ice beast hits you. The ice beast freezes you!
* * * LOW HITPOINT WARNING * * *
You tentacle-slap the ice beast.
The ice beast is severely wounded.
The ice beast hits you.
* * * LOW HITPOINT WARNING * * *
The ice beast freezes you!
You die...

# ... #. #.# ##
# ##.### #.# ..
.# ...#.###.##
.##.# ... ....
.....
#.###)###..###..
#.##..)........
##<..)$hY..s...
#........###..
#..####### #..#
#(.# ...# .##..
#. ###


You could see an ice beast and a scorpion.

Vanquished Creatures
  Sigmund (D:2)
  5 kobold brigands (Sewer)
  2 jellies
  2 orc wizards
  Robin (D:2)
  9 adders
  4 river rats
  8 worms
  4 dart slugs
  12 orcs
  6 ball pythons
  13 endoplasms
  5 giant cockroaches
  15 goblins
  6 hobgoblins
  5 jackals
  6 quokkas
  7 bats
  3 frilled lizards
  13 kobolds
  16 rats
143 creatures vanquished.

Notes
Turn   | Place    | Note
-------+----------+-------------------------------------------
     0 | D:1      | garrulousMonolith the Octopode Shapeshifter began the quest
                  | for the Orb.
     0 | D:1      | Reached XP level 1. HP: 14/14 MP: 1/1
   107 | D:1      | Reached XP level 2. HP: 16/19 MP: 2/2
   276 | D:1      | Reached skill level 1 in Stealth
   352 | D:1      | Reached XP level 3. HP: 24/24 MP: 3/3
   676 | D:2      | Noticed Robin
   739 | D:2      | Found a radiant altar of Vehumet.
   805 | D:2      | Noticed Sigmund
   820 | D:2      | Killed Sigmund
   821 | D:2      | Reached skill level 3 in Unarmed Combat
   821 | D:2      | Reached XP level 4. HP: 8/30 MP: 4/4
   821 | D:2      | Reached XP level 5. HP: 10/36 MP: 5/5
   991 | D:2      | Reached XP level 6. HP: 39/41 MP: 6/6
   997 | D:2      | Killed Robin
  1469 | D:2      | Found a faded altar of an unknown god.
  2058 | D:3      | Found Edetag's Antique Weapon Emporium.
  2065 | D:3      | Bought a glowing sling for 72 gold pieces
  2167 | D:3      | Found a faded altar of an unknown god.
  2171 | D:3      | Found a hazy altar of Hepliaklqana.
  2235 | D:4      | Found an ornate altar of the Wu Jian Council.
  2253 | D:4      | Became a worshipper of the Wu Jian Council
  2466 | D:4      | Reached skill level 4 in Unarmed Combat
  2561 | D:4      | Found a glowing drain.
  2573 | Sewer    | Entered a sewer
  2630 | Sewer    | Reached XP level 7. HP: 46/46 MP: 7/7
  2703 | Sewer    | Reached * piety under Wu Jian
  3290 | Sewer    | Reached XP level 8. HP: 50/54 MP: 8/8
  3481 | D:4      | Found a staircase to the Ecumenical Temple.
  3492 | Temple   | Entered the Ecumenical Temple
  3644 | D:4      | Reached skill level 5 in Unarmed Combat
  3831 | D:5      | Entered Level 5 of the Dungeon
  3848 | D:5      | Slain by an ice beast

Illustrated notes

Levels and vault maps discovered:
D:1:      giann_bridges, layout_loops_ring
D:2:      layout_rooms, dreamdust_ecumenical_altar_hidden_monk_grotto,
          basic_altar, minmay_indecisive_spiral, uniq_robin, uniq_sigmund
D:3:      layout_loops_ring, nicolae_overflow_ecumenical_swirl, serial_shops,
          shop, serial_bayou_pond_d, st_stairs_9
D:4:      nicolae_cairo_tiling, layout_rooms, kennysheep_mini,
          minmay_temple_entry_purple_smoke, gup_sewer_entry_bubbles
D:5:      layout_loops_ring, minmay_hollow_rounded_squares
Temple:   nicolae_temple_bog_church

Skill      XL: |  1  2  3  4  5  6  7  8 |
---------------+-------------------------+-----
Stealth        | 1 2 3 4 |  4.4
Unarmed Combat | 3 4 5 |  5.1
Dodging        | 3 4 |  4.0
Shapeshifting  | 4 |  4.9
Fighting       | 3 |  3.8

Action                     |  1- 3 |  4- 6 |  7- 9 || total
---------------------------+-------+-------+-------++-------
  Melee: Unarmed           |    66 |   129 |    71 ||   266
         Tentacles         |    19 |    26 |    18 ||    63
         Constrict         |    18 |    41 |    15 ||    74
         Punch             |       |     2 |     3 ||     5
Ability: Lunge             |       |     3 |    25 ||    28
    Use: Scroll            |     3 |       |     6 ||     9
   Stab: Sleeping          |     9 |    10 |    13 ||    32
         Distracted        |       |     1 |       ||     1
 Armour: Skin              |     3 |     9 |       ||    12
  Dodge: Dodged            |    24 |    69 |    21 ||   114

Table legend: (Time is in decaauts)
 A = Elapsed time spent in this place.
 B = Non-inter-level travel time spent in this place.
 C = Inter-level travel time spent in this place.
 D = Time resting spent in this place.
 E = Time spent auto-exploring this place.
 F = Levels seen in this place.
 G = Mean time per level.
                   A        B        C        D        E       F      G
               +--------+--------+--------+--------+--------+-----+--------+
         Total |   3831 |   3669 |    162 |    410 |   2269 |   7 |  547.3 |
       Dungeon |   2892 |   2745 |    147 |    241 |   1732 |   5 |  578.4 |
        Temple |    122 |    107 |     15 |      0 |     93 |   1 |  122.0 |
         Sewer |    816 |    816 |      0 |    169 |    444 |   1 |  816.0 |
               +--------+--------+--------+--------+--------+-----+--------+

Top non-repeatable levels by time:
   Sewer: 816 daAuts
     D:1: 791 daAuts
     D:2: 780 daAuts
     D:4: 670 daAuts
     D:3: 634 daAuts
  Temple: 122 daAuts
     D:5: 15 daAuts
